 Dungeon Crawl Stone Soup version 0.25.0-1-g7eea58d (webtiles) character file.

Game seed: 15422091433756067028

60673 Flamabang the Blocker (level 14, 0/140 HPs)
             Began as a Troll Berserker on June 29, 2020.
             Was a High Priest of Trog.
             Slain by a redback (13 damage)
             ... on level 3 of the Spider Nest on June 30, 2020.
             The game lasted 01:16:03 (17096 turns).

Flamabang the Blocker (Troll Berserker)            Turns: 17096, Time: 01:16:04

Health: 0/140      AC: 10    Str: 32    XL:     14   Next: 57%
Magic:  22/22      EV: 12    Int:  6    God:    Trog [*****.]
Gold:   1139       SH: 23    Dex: 20    Spells: 13/13 levels left

rFire    . . .     SeeInvis .   F - +12 spear "Murmur" {vorpal, *Slow rElec Int+6}
rCold    x . .     Gourm    +   Y - +2 tower shield
rNeg     + . .     Faith    +   P - +0 troll leather armour
rPois    .         Spirit   .   (helmet restricted)
rElec    +         Reflect  .   L - +0 cloak {rCorr}
rCorr    +         Harm     .   (gloves unavailable)
MR       +....                  (boots unavailable)
Stlth    +.........             O - amulet "Fulim" {Faith MP+9 Str+4}
HPRegen  1.13/turn              I - ring "Zeuf Cadd" {+Blink rC- rN+ Int-3 Dex+7 Stlth-}
MPRegen  0.18/turn              E - +4 ring of slaying

@: about to teleport
A: large, unfitting armour, claws 3, fast metabolism 3, gourmand, regeneration
1, shaggy fur 1, tough skin 3
a: Berserk, Trog's Hand, Brothers in Arms, Renounce Religion, Evoke Blink


You were on level 3 of the Spider Nest.
You worshipped Trog.
Trog was extremely pleased with you.
You were very hungry.

You visited 3 branches of the dungeon, and saw 18 of its levels.
You also visited: Gauntlet.

You collected 1139 gold pieces.

Inventory:

Hand Weapons
 t - the +5 trident "Waufunow" {drain, +Blink Int+8}
   (You found it on level 3 of the Lair of Beasts)

   A truly terrible weapon, it drains the life of those it strikes.
   It affects your intelligence (+8).
   It lets you blink.
 F - the +12 spear "Murmur" (weapon) {vorpal, *Slow rElec Int+6}
   (You found it on level 6 of the Dungeon)

   It inflicts extra damage upon your enemies.
   It affects your intelligence (+6).
   It insulates you from electricity.
   It may slow you when you take damage.
Missiles
 f - 4 datura-tipped darts
 G - 12 curare-tipped darts
 K - 34 poisoned darts
 M - 7 large rocks (quivered)
 W - 17 silver javelins
Armour
 L - a +0 cloak of preservation (worn)
 P - a +0 troll leather armour (worn)
 Y - a +2 tower shield (worn)
Jewellery
 m - an uncursed ring of fire
 p - an uncursed amulet of regeneration
 s - an uncursed ring of poison resistance
 E - a +4 ring of slaying (right claw)
 I - the ring "Zeuf Cadd" (left claw) {+Blink rC- rN+ Int-3 Dex+7 Stlth-}
   (You found it in a Gauntlet)

   [ring of attention]

   It affects your intelligence (-3).
   It affects your dexterity (+7).
   It makes you vulnerable to cold.
   It protects you from negative energy.
   It lets you blink.
   It makes you less stealthy.
 O - the amulet "Fulim" (around neck) {Faith MP+9 Str+4}
   (You found it on level 10 of the Dungeon)

   [amulet of faith]

   It allows you to gain divine favour quickly.
   It affects your strength (+4).
   It affects your magic capacity (+9).
Wands
 n - a wand of random effects (16)
 w - a wand of clouds (8)
 A - a wand of acid (9)
 D - a wand of iceblast (7)
 T - a wand of paralysis (13)
 U - a wand of polymorph (6)
 X - a wand of digging (2)
Scrolls
 a - 3 scrolls of silence {unknown}
 c - 7 scrolls of teleportation
 d - 3 scrolls of fog {unknown}
 e - 2 scrolls of immolation {unknown}
 h - 10 scrolls of remove curse
 i - a scroll of torment {unknown}
 j - 3 scrolls of noise {unknown}
 o - a scroll of random uselessness {unknown}
 q - 4 scrolls of fear
 r - 2 scrolls of magic mapping {unknown}
 y - 2 scrolls of summoning {unknown}
 z - 3 scrolls of blinking {unknown}
 B - a scroll of identify
 S - 3 scrolls of amnesia {unknown}
 V - a scroll of holy word {unknown}
Potions
 g - 4 potions of resistance
 l - 9 potions of curing
 u - 3 potions of haste {unknown}
 v - 3 potions of brilliance {unknown}
 x - a potion of cancellation {unknown}
 C - 3 potions of mutation {unknown}
 H - 2 potions of magic {unknown}
 J - 2 potions of degeneration {unknown}
 N - 2 potions of might {unknown}
 Q - 2 potions of flight {unknown}
 Z - a potion of berserk rage {unknown}
Miscellaneous
 R - a lightning rod (4/4)
Comestibles
 b - 48 rations


   Skills:
 - Level 9.0 Fighting
 - Level 12.0 Polearms
 + Level 2.4 Throwing
 + Level 7.1 Armour
 - Level 4.8 Dodging
 - Level 0.1 Stealth
 + Level 12.3 Shields
 - Level 8.0 Unarmed Combat


You had 13 spell levels left.
You didn't know any spells.
Your spell library contained the following spells:

 Spells                   Type           Power        Failure   Level  Hunger
 Sandblast                Erth           #.....       67%         1    ##.....
 Shock                    Conj/Air       #...         67%         1    ##.....
 Corpse Rot               Necr/Air       N/A          82%         2    ###....
 Swiftness                Chrm/Air       #.......     82%         2    ###....
 Conjure Flame            Conj/Fire      #.......     96%         3    ####...
 Static Discharge         Conj/Air       #.......     96%         3    ####...
 Stone Arrow              Conj/Erth      #.....       96%         3    ####...
 Airstrike                Air            #.........   100%        4    #####..
 Leda's Liquefaction      Hex/Erth       #.........   100%        4    #####..
 Summon Lightning Spire   Summ/Air       #.......     100%        4    #####..
 Bolt of Magma            Conj/Fire/Erth #.........   100%        5    ######.
 Lightning Bolt           Conj/Air       #.........   100%        5    ######.
 Silence                  Hex/Air        #.........   100%        5    ######.
 Conjure Ball Lightning   Conj/Air       #.........   100%        6    #######
 Iron Shot                Conj/Erth      #.........   100%        6    #######
 Statue Form              Tmut/Erth      #........    100%        6    #######
 Ignition                 Fire           #.........   100%        8    #######
 Shatter                  Erth           #.........   100%        9    #######
 Tornado                  Air            #.........   100%        9    #######


Dungeon Overview and Level Annotations

Branches:
Dungeon (11/15)            Temple (0/1) D:4            Lair (4/6) D:8
  Swamp (0/4) Lair:3       Spider (3/4) Lair:4          Orc (0/2) D:9
Gauntlet (visited)

Altars:
Cheibriados
Elyvilon
Fedhas
Makhleb
Okawaru
Ru
Trog
Wu Jian
Yredelemnul
Zin

Shops:
D:10 :   D:11 }(([

Annotations:
Lair:2 exclusion: oklob plant


Innate Abilities, Weirdness & Mutations

You are too large for most types of armour.
You have claws for hands.
Your metabolism is lightning-fast.
You like to eat raw meat.
Your natural rate of healing is unusually fast.
You are covered in fur. (AC +1)
You have extremely tough skin. (AC +3)


Message History

* * * LOW HITPOINT WARNING * * *
The redback bites you!
* * * LOW HITPOINT WARNING * * *
You see here a redback corpse.
You feel much better.
* * * LOW HITPOINT WARNING * * *
You feel extremely sick.
The jumping spider leaps!
The redback barely misses you. The tarantella closely misses you.
The redback barely misses you.
You feel better. You block the redback's attack. The tarantella bites you!
* * * LOW HITPOINT WARNING * * *
You block the redback's attack.
A jumping spider comes into view.
You block the redback's attack. The redback completely misses you.
The tarantella barely misses you.
As you read the scroll of teleportation, it crumbles to dust.
You feel strangely unstable.
The jumping spider hisses angrily.
You hear an angry hiss.
The jumping spider leaps! x2; The redback bites you!
You die...

..s##
###.).#
#.....
....## #
##....#
...#.#.○...#
..^....ss/.#
#s@^^#
#≈##(.# #.
s.# ≈. .##
### .# ^. #.
○


You could see a jumping spider, a tarantella and 3 redbacks.

Vanquished Creatures
  Arachne (Spider:2)
  An entropy weaver (Spider:1)
  A minotaur (Gauntlet)
  A hydra (Lair:3)
  A centaur warrior (D:11)
  2 death yaks (Lair:4)
  5 two-headed ogres
  8 orb spiders
  An orc sorcerer (D:11)
  An orc knight (D:11)
  A necromancer (Lair:3)
  A lindwurm (Lair:4)
  8 wolf spiders
  2 manticores
  A moth of wrath (Gauntlet)
  3 black mambas
  6 elephants
  2 centaur zombies
  Maurice (D:11)
  Joseph (D:7)
  6 spiny frogs
  A gargoyle (D:9)
  A rime drake (Lair:4)
  5 demonic crawlers (Spider:1)
  3 komodo dragons
  An ice devil (Gauntlet)
  9 jumping spiders
  2 trolls
  A meliai (Lair:4)
  A queen bee (Lair:4)
  6 hippogriffs
  2 bog bodies (Lair:3)
  3 hornets
  12 blink frogs
  A vampire (D:10)
  30 redbacks
  18 tarantellas
  A wyvern (D:9)
  21 yaks
  3 hogs (D:8)
  A human (D:8)
  Eustachio (D:6)
  A hungry ghost (D:11)
  A warg (D:9)
  2 swamp worms (Lair:3)
  8 water moccasins
  3 porcupines
  3 black bears
  A sky beast (D:8)
  7 orc warriors
  A phantom (D:5)
  2 ogres (D:11)
  35 wolves
  The ghost of Snorg the Firebug, an amateur DgFE (D:3)
  5 crocodiles
  8 centaurs
  A big kobold (D:7)
  10 bullfrogs
  A gnoll sergeant (D:6)
  3 small abominations (Gauntlet)
  3 scorpions
  33 killer bees
  10 wights
  2 electric eels
  A howler monkey (D:11)
  10 crimson imps
  A quasit (D:5)
  A jelly (D:9)
  5 bullfrog skeletons
  7 hounds
  16 orc wizards
  6 orc priests
  2 centaur skeletons
  Terence (D:2)
  2 iguanas
  9 worker ants
  5 hell rats
  5 polar bear simulacra (Lair:3)
  3 yak simulacra (Lair:3)
  2 wolf simulacra (Lair:3)
  A killer bee zombie (D:8)
  2 hound skeletons
  A howler monkey zombie (D:7)
  3 worker ant zombies
  17 adders
  5 gnolls (D:6)
  3 shadow imps
  3 white imps (Gauntlet)
  An adder skeleton (D:7)
  2 worms
  3 dart slugs (D:1)
  7 leopard geckos
  43 orcs
  5 bats
  4 giant cockroaches
  5 goblins
  9 hobgoblins
  7 jackals
  5 quokkas
  A ball python (D:1)
  8 frilled lizards
  A jackal zombie (D:5)
  13 kobolds
  A leopard gecko zombie (D:5)
  A quokka zombie (D:7)
  9 rats
  A river rat simulacrum (Lair:3)
555 creatures vanquished.

Vanquished Creatures (collateral kills)
  An ogre mage (D:11)
  2 hydras (Lair:4)
  A two-headed ogre (D:11)
  An elephant (Lair:4)
  A rime drake (Lair:4)
  2 meliai (Lair:4)
  A hippogriff (Lair:4)
  A crocodile (Lair:4)
  A bullfrog (Lair:4)
  11 killer bees (Lair:4)
22 creatures vanquished.

Vanquished Creatures (others)
  A fungus (Lair:3)
  A plant (Lair:2)
2 creatures vanquished.

Grand Total: 579 creatures vanquished

Notes
Turn   | Place    | Note
-------+----------+-------------------------------------------
     0 | D:1      | Flamabang the Troll Berserker began the quest for the Orb.
     0 | D:1      | Reached XP level 1. HP: 22/22 MP: 0/0
   131 | D:1      | Reached XP level 2. HP: 29/29 MP: 1/1
   262 | D:1      | Reached ** piety under Trog
   473 | D:1      | Reached XP level 3. HP: 35/36 MP: 2/2
   622 | D:2      | Found a sacrificial altar of Ru.
   627 | D:2      | Found an iron altar of Okawaru.
   629 | D:2      | Found a white marble altar of Elyvilon.
   629 | D:2      | Found a bloodstained altar of Trog.
   909 | D:2      | Found a glowing silver altar of Zin.
   960 | D:2      | Found a burning altar of Makhleb.
   960 | D:2      | Noticed an Executioner
  1046 | D:2      | Reached XP level 4. HP: 45/45 MP: 3/3
  1061 | D:2      | Noticed Terence
  1065 | D:2      | Killed Terence
  1258 | D:3      | Found a runed translucent door.
  1265 | D:3      | Reached XP level 5. HP: 52/53 MP: 4/4
  1316 | D:3      | Noticed Snorg's ghost (amateur DgFE)
  1420 | D:3      | Reached *** piety under Trog
  1572 | D:3      | Reached skill level 5 in Unarmed Combat
  1587 | D:3      | Reached skill level 1 in Throwing
  2085 | D:3      | Killed Snorg's ghost
  2085 | D:3      | Reached XP level 6. HP: 51/61 MP: 5/5
  2236 | D:4      | Got a jewelled dagger
  2237 | D:4      | Identified the +4 dagger "Caeth" {freeze, +Fly} (You found
                  | it on level 4 of the Dungeon)
  2724 | D:4      | Reached XP level 7. HP: 60/67 MP: 6/6
  2936 | D:4      | Found a staircase to the Ecumenical Temple.
  3156 | D:5      | Entered Level 5 of the Dungeon
  3286 | D:5      | Found a blossoming altar of Fedhas.
  3644 | D:5      | Reached **** piety under Trog
  4362 | D:6      | Reached XP level 8. HP: 78/78 MP: 7/7
  4593 | D:6      | Noticed Eustachio
  4601 | D:6      | Killed Eustachio
  4730 | D:6      | Got a polished spear
  4731 | D:6      | Identified the +12 spear "Murmur" {vorpal, *Slow rElec
                  | Int+6} (You found it on level 6 of the Dungeon)
  4871 | D:6      | Reached skill level 1 in Polearms
  5216 | D:7      | Reached XP level 9. HP: 85/85 MP: 8/8
  5231 | D:7      | Noticed Joseph
  5241 | D:7      | Killed Joseph
  5241 | D:7      | Reached skill level 5 in Polearms
  5360 | D:7      | Reached ***** piety under Trog
  5988 | D:8      | Noticed a two-headed ogre
  6001 | D:8      | Killed a two-headed ogre
  6001 | D:8      | Reached XP level 10. HP: 94/94 MP: 9/9
  6079 | D:8      | Found an ornate altar of the Wu Jian Council.
  6260 | D:8      | Found a staircase to the Lair.
  6367 | D:8      | Found a snail-covered altar of Cheibriados.
  6629 | D:9      | Received a gift from Trog
  6773 | D:9      | Found a basalt altar of Yredelemnul.
  6878 | D:9      | Found a staircase to the Orcish Mines.
  6917 | D:9      | Reached skill level 10 in Polearms
  7151 | D:9      | Noticed a gargoyle
  7159 | D:9      | Killed a gargoyle
  7364 | D:10     | Entered Level 10 of the Dungeon
  7395 | D:10     | Got a wavering golden amulet
  7843 | D:10     | Reached XP level 11. HP: 67/101 MP: 10/10
  7937 | D:10     | Identified the Volume of Torrid Earth
  8049 | D:10     | Found Pighoeg's Book Shoppe.
  8252 | D:11     | Noticed an ogre mage
  8253 | D:11     | Noticed a two-headed ogre
  8253 | D:11     | Noticed a two-headed ogre
  8262 | D:11     | Killed an ogre mage
  8262 | D:11     | Noticed a two-headed ogre
  8263 | D:11     | Noticed a two-headed ogre
  8265 | D:11     | Killed a two-headed ogre
  8268 | D:11     | Killed a two-headed ogre
  8279 | D:11     | Killed a two-headed ogre
  8285 | D:11     | Killed a two-headed ogre
  8285 | D:11     | Reached skill level 1 in Shields
  8471 | D:11     | Reached skill level 1 in Armour
  8516 | D:11     | Found Giredgh's Antique Weapon Boutique.
  8517 | D:11     | Found Nilib's Gadget Boutique.
  8517 | D:11     | Found Avogg's Armour Boutique.
  8517 | D:11     | Found Pywop's Weapon Boutique.
  8520 | D:11     | Noticed Maurice
  8529 | D:11     | Identified the amulet "Fulim" {Faith MP+9 Str+4} (You found
                  | it on level 10 of the Dungeon)
  8532 | D:11     | Killed Maurice
  8532 | D:11     | Reached skill level 5 in Fighting
  8551 | D:11     | Noticed a centaur warrior
  8565 | D:11     | Killed a centaur warrior
  8628 | D:11     | Noticed an orc knight
  8642 | D:11     | Received a gift from Trog
  8645 | D:11     | Noticed an orc sorcerer
  8699 | D:11     | Killed an orc knight
  8701 | D:11     | Killed an orc sorcerer
  8895 | D:11     | Noticed a two-headed ogre
  8907 | D:11     | Killed a two-headed ogre
  8919 | D:11     | Reached XP level 12. HP: 111/114 MP: 11/11
  9750 | Lair:1   | Entered Level 1 of the Lair of Beasts
  9924 | Lair:1   | Reached skill level 5 in Armour
 10403 | Lair:2   | HP: 3/118 [wolf (6)]
 10427 | Lair:2   | Received a gift from Trog
 10671 | Lair:2   | Reached skill level 5 in Shields
 10891 | Lair:2   | You fall into a shaft and drop 2 floors!
 10932 | Lair:4   | Found a gate leading to a gauntlet.
 10995 | Lair:4   | Noticed a six-headed hydra
 11004 | Lair:4   | Killed a six-headed hydra
 11080 | Lair:4   | Noticed a seven-headed hydra
 11089 | Lair:4   | Killed a seven-headed hydra
 11099 | Lair:4   | Reached XP level 13. HP: 45/128 MP: 12/12
 11169 | Gauntlet | Entered a Gauntlet
 11169 | Gauntlet | Found a large runed translucent door.
 11169 | Gauntlet | Found a large runed translucent door.
 11169 | Gauntlet | Found a large runed translucent door.
 11169 | Gauntlet | Found a large runed translucent door.
 11169 | Gauntlet | Found a large runed translucent door.
 11169 | Gauntlet | Found a large runed translucent door.
 11169 | Gauntlet | Found a large runed translucent door.
 11169 | Gauntlet | Found a large runed translucent door.
 11169 | Gauntlet | Found a runed translucent door.
 11169 | Gauntlet | Found a runed translucent gate.
 11169 | Gauntlet | Found a transporter.
 11169 | Gauntlet | Found a transporter.
 11169 | Gauntlet | Found a runed translucent gate.
 11169 | Gauntlet | Found a transporter.
 11169 | Gauntlet | Found a transporter.
 11173 | Gauntlet | Found a transporter.
 11173 | Gauntlet | Found a transporter.
 11174 | Gauntlet | Found a runed translucent gate.
 11174 | Gauntlet | Found a runed translucent door.
 11178 | Gauntlet | Found a large runed translucent door.
 11178 | Gauntlet | Found a large runed translucent door.
 11179 | Gauntlet | Found a large runed translucent door.
 11180 | Gauntlet | Found a large runed translucent door.
 11186 | Gauntlet | Found a transporter.
 11187 | Gauntlet | Found a transporter.
 11190 | Gauntlet | Found a transporter.
 11190 | Gauntlet | Found a transporter.
 11201 | Gauntlet | Found a transporter.
 11204 | Gauntlet | Found a transporter.
 11249 | Gauntlet | Found a large runed translucent door.
 11249 | Gauntlet | Found a large runed translucent door.
 11250 | Gauntlet | Found a large runed translucent door.
 11251 | Gauntlet | Found a large runed translucent door.
 11580 | Gauntlet | Got an ancient iron ring
 11587 | Gauntlet | Identified the ring "Zeuf Cadd" {+Blink rC- rN+ Int-3 Dex+7
                  | Stlth-} (You found it in a Gauntlet)
 11600 | Gauntlet | Noticed a minotaur
 11613 | Gauntlet | Killed a minotaur
 11617 | Gauntlet | Identified the Almanac of the Miller
 11973 | Lair:4   | Found a hole to the Spider Nest.
 12092 | Lair:4   | Reached ****** piety under Trog
 12187 | Lair:4   | Received a gift from Trog
 12196 | Lair:4   | Lost intelligence.
 12607 | Spider:1 | Entered Level 1 of the Spider Nest
 13260 | Spider:1 | Reached skill level 10 in Shields
 13576 | Spider:1 | Noticed an entropy weaver
 13588 | Spider:1 | Killed an entropy weaver
 13588 | Spider:1 | Reached XP level 14. HP: 115/140 MP: 13/13
 14215 | Spider:2 | Noticed Arachne
 14229 | Spider:2 | Killed Arachne
 14229 | Spider:2 | Received a gift from Trog
 14231 | Spider:2 | Lost intelligence.
 15828 | Lair:3   | Got a warped trident
 15829 | Lair:3   | Lost intelligence.
 15829 | Lair:3   | Identified the +5 trident "Waufunow" {drain, +Blink Int+8}
                  | (You found it on level 3 of the Lair of Beasts)
 15963 | Lair:3   | Found a staircase to the Swamp.
 16183 | Lair:3   | Received a gift from Trog
 16194 | Lair:3   | Lost intelligence.
 17093 | Spider:3 | HP: 3/140 [redback (8)]
 17096 | Spider:3 | Slain by a redback

Illustrated notes

Levels and vault maps discovered:
D:1:      dpeg_arrival_court, layout_loops_ring, hangedman_decor_diamond_cutter
D:2:      layout_basic, makhleb_altar_promises_db, grunt_temple_overflow_open,
          uniq_terence
D:3:      layout_basic, hellmonk_ghost_happy_afterlife, moated_statue,
          guppyfry_early_orc_mine
D:4:      layout_cave_pods, minmay_temple_entry_nine_rooms, first_ration
D:5:      layout_layer_cave, fedhas_altar_3
D:6:      layout_basic, serial_glass, glass_columns_b, glass_columns_a,
          corexii_checkpoint_a, minmay_liquid_box, minmay_pentangle,
          uniq_eustachio
D:7:      layout_rooms, minivault_11, uniq_joseph
D:8:      layout_cave_pools, overflow_temple_1_default, dpeg_oklobed_lair,
          grunt_livestock, cheibrodos_worm_habitat
D:9:      layout_roguey, david_orc_1_choice, small_chamber_with_monster,
          yredelemnul_altar_generic
D:10:     layout_long_grid, serial_shops, kennysheep_little_box,
          roderic_serpentine_path
D:11:     layout_loops_corners, minmay_shop_grid_forest,
          kennysheep_decorative_pillar, uniq_maurice
Lair:1:   layout_roguey, minivault_19
Lair:2:   layout_gridlike, grunt_forest_large_clearings,
          infiniplex_staircase_pool, minmay_lair_oklob_chamber
Lair:3:   layout_concentric_octagons, nicolae_swamp_entry_splash_gauntlet,
          eino_house_with_fridge
Lair:4:   regret_index_combs_of_tragedy, layout_gridlike,
          nicolae_spider_entry_orb_guardian, gauntlet_entry_generic,
          minivault_23
Spider:1: layout_chambers
Spider:2: layout_chambers, drop_trap, uniq_arachne
Spider:3: layout_spider_delve, uniq_mara

Skill      XL: |  1  2  3  4  5  6  7  8  9 10 11 12 13 14 |
---------------+-------------------------------------------+-----
Fighting       | 3 4 6 8 9 |  9.0
Unarmed Combat | 4 5 6 7 8 |  8.0
Dodging        | 3 4 |  4.8
Throwing       | 1 2 |  2.4
Polearms       | 4 8 11 12 | 12.0
Shields        | 3 6 10 12 | 12.3
Armour         | 4 5 6 7 |  7.1
Stealth        | |  0.1

Action                   |  1- 3 |  4- 6 |  7- 9 | 10-12 | 13-15 || total
-------------------------+-------+-------+-------+-------+-------++-------
Melee: Unarmed           |   115 |   147 |   114 |       |       ||   376
       Punch             |     1 |     2 |     7 |     4 |       ||    14
       Spear             |       |       |   175 |   619 |   638 ||  1432
Throw: Dart              |       |       |       |     1 |     1 ||     2
       Large rock        |       |       |       |     1 |     1 ||     2
Invok: Berserk           |       |     2 |     3 |     4 |     5 ||    14
       Brothers in Arms  |       |       |       |     3 |     2 ||     5
       Trog's Hand       |       |       |       |     1 |     4 ||     5
  Use: Scroll            |       |     1 |     6 |     5 |     4 ||    16
       Potion            |       |       |       |     1 |     2 ||     3
 Stab: Sleeping          |       |     1 |       |     1 |       ||     2
  Eat: Chunk             |    15 |    17 |    33 |    55 |    48 ||   168
       Ration            |       |       |       |       |     1 ||     1
Armor: Animal skin       |    51 |    55 |    69 |    12 |       ||   187
       Troll leather arm |       |       |       |    91 |    61 ||   152
Dodge: Dodged            |    66 |    82 |   139 |   168 |    99 ||   554
Block: Kite shield       |       |       |       |   129 |     8 ||   137
       Tower shield      |       |       |       |       |   317 ||   317
